cohdb
Replays
Latest Replays
All Replays
Popular Replays
Top Player Replays
Match Explorer
How It Works
Community
CoH3 Stats
Reddit
Sign in to upload your games and track your stats! →
Sign in with Steam
Match 45574994
Unlisted
Match 45574994
Overview
Messages
Build Orders
End
Royal Engineer Section
Construct Section Command Post
Infantry Section
Infantry Section
Infantry Section
Infantry Section
Construct Field Infirmary
Construct Platoon Command Post
Humber Armored Car
6-pounder Anti-tank Gun Team
Grenade Package
Nico-Nico-Nii~~
Jesulin
0
0
Comments
sign in to comment!
No comments posted yet!